 Dungeon Crawl Stone Soup version 0.30-a0-279-g4b46babb21 (webtiles) character file.

Game seed: 12687798168113755287

9295 BlueGoblin the Destroyer (level 11, -3/77 HPs)
             Began as a Demonspawn Conjurer on Oct 16, 2022.
             Was a Believer of Sif Muna.
             Slain by a fire crab (8 damage)
             ... on level 10 of the Dungeon.
             The game lasted 00:33:44 (12660 turns).

BlueGoblin the Destroyer (Demonspawn Conjurer)     Turns: 12660, Time: 00:33:45

Health: -3/77      AC:  9    Str: 15    XL:     11   Next: 21%
Magic:  15/25      EV: 13    Int: 29    God:    Sif Muna [**....]
Gold:   331        SH:  6    Dex: 11    Spells: 19/30 levels left

rFire   . . .      SeeInvis .    z - +8 halberd of Checkmate {venom, rPois Str+6}
rCold   + . .      Faith    .    (shield currently unavailable)
rNeg    . . .      Spirit   .    J - +0 steam dragon scales
rPois   +          Reflect  .    (helmet restricted)
rElec   .          Harm     .    E - +2 cloak
rCorr   .          Rampage  .    I - +0 pair of gloves
Will    .....                    (no boots)
Stlth   ++........               (no amulet)
HPRegen 0.32/turn                e - ring of protection from cold
MPRegen 0.19/turn                B - +6 ring of intelligence

@: slightly contaminated
A: horns 2, large bone plates 2, demonic guardian 2, demonic magic 3
a: Renounce Religion, Channel Magic


You were on level 10 of the Dungeon.
You worshipped Sif Muna.
Sif Muna was pleased with you.
You visited 2 branches of the dungeon, and saw 11 of its levels.

You collected 565 gold pieces.
You spent 234 gold pieces at shops.

Inventory:

Hand Weapons
 d - a +0 dagger of freezing
 z - the +8 halberd of Checkmate (weapon) {venom, rPois Str+6}
   (You bought it in a shop on level 1 of the Dungeon)

   It poisons the flesh of those it strikes.
   Str:       It affects your strength (+6).
   rPois:     It protects you from poison.
Missiles
 v - 2 throwing nets
Armour
 a - a +0 robe
 i - an orb of light
 u - the +0 chain mail "Doto" {*Slow rC++ rCorr SInv}
   (You found it on level 3 of the Dungeon)

   rC:        It greatly protects you from cold.
   SInv:      It lets you see invisible.
   rCorr:     It protects you from acid and corrosion.
   *Slow:     It may slow you when you take damage.
 E - a +2 cloak (worn)
 I - a +0 pair of gloves (worn)
 J - +0 steam dragon scales (worn)
 N - a scarf of resistance
Jewellery
 e - a ring of protection from cold (left hand)
 B - a +6 ring of intelligence (right hand)
 D - an amulet of guardian spirit
Wands
 y - a wand of iceblast (5)
 F - a wand of mindburst (16)
 K - a wand of polymorph (7)
 M - a wand of digging (5)
Scrolls
 f - 5 scrolls of butterflies
 g - 3 scrolls of fear
 j - 2 scrolls of teleportation
 p - 3 scrolls of immolation
 w - a scroll of enchant weapon {unknown}
 C - 5 scrolls of identify
 G - a scroll of poison {unknown}
 H - 4 scrolls of magic mapping {unknown}
 L - a scroll of acquirement {unknown}
Potions
 b - 2 potions of magic
 c - 3 potions of attraction
 h - 3 potions of mutation
 k - 3 potions of curing {unknown}
 m - 3 potions of resistance
 n - 4 potions of haste {unknown}
 o - 5 potions of heal wounds
 q - a potion of lignification {unknown}
 r - 2 potions of berserk rage
 s - a potion of might {unknown}
 t - a potion of brilliance
 x - 3 potions of flight {unknown}
 A - a potion of ambrosia {unknown}


   Skills:
 + Level 4.1 Fighting
 + Level 4.5 Dodging
 - Level 1.7 Stealth
 + Level 10.1 Spellcasting
 + Level 10.6 Conjurations
 + Level 6.6 Necromancy
 * Level 6.0 Invocations


You had 19 spell levels left.
You knew the following spells:

 Your Spells              Type           Power      Damage    Failure   Level
a - Searing Ray           Conj           100%       2d8       1%          2
b - Vampiric Draining     Necr           52%        2d9       1%          3
q - Magic Dart            Conj           100%       1d8       1%          1
s - Irradiate             Conj/Tmut      22%        3d19      12%         5

Your spell library contained the following spells:

 Spells                   Type           Power      Damage    Failure   Level
 Necrotise                Necr           100%       1d9       1%          1
 Dazzling Flash           Conj/Hex       90%        N/A       1%          3
 Stone Arrow              Conj/Erth      90%        3d12      1%          3
 Sandblast                Erth           28%        2d8       3%          1
 Fulminant Prism          Conj/Hex       22%        3d13      4%          4
 Iskenderun's Mystic Bla  Conj/Tloc      45%        2d10      4%          4
 Passwall                 Tmut/Erth      11%        N/A       5%          2
 Agony                    Necr           52%        N/A       7%          5
 Kindle Blastsparks       Fire/Tloc/Air  28%        2d12      11%         3
 Ozocubu's Armour         Ice            14%        N/A       11%         3
 Blade Hands              Tmut           7%         N/A       71%         5
 Lee's Rapid Deconstruct  Erth           7%         3d7*      71%         5
 Dragon Form              Tmut           7%         N/A       100%        7
 Ozocubu's Refrigeration  Ice            7%         4d9       100%        7


Dungeon Overview and Level Annotations

Branches:
Dungeon (10/15)            Temple (1/1) D:5            Lair (0/5) D:10
    Orc: D:9-12

Altars:
Ashenzari
Cheibriados
Dithmenos
Fedhas
Hepliaklqana
Kikubaaqudgha
Makhleb
Nemelex Xobeh
Qazlal
Ru
Sif Muna
Trog
Uskayaw
Vehumet
Wu Jian
Xom
Yredelemnul

Shops:
D:1 ((((   D:3 ?

Annotations:
D:10 2 transporters


Innate Abilities, Weirdness & Mutations

You have a pair of horns on your head.
You are mostly covered in large bone plates. (SH +6)
A demonic guardian rushes to your aid.
Spells you cast and wands you use may paralyse nearby enemies.


Message History

A fire crab is nearby!
Found a staircase to the Lair.
The magic dart hits the fire crab but does no damage.
Malevolent energies surge around you. The fire crab breathes flames at you.
You are engulfed in blazing flames.
You are engulfed in blazing flames.
You start resting.
A fire crab is nearby!
A fire crab is nearby!
Casting: Magic Dart (safe; 1% risk of failure)
Confirm with . or Enter, or press ? or * to list all spells.
Okay, then.
Unknown command.
The fire crab breathes flames at you. The blast of flame engulfs you!
Casting: Magic Dart (safe; 1% risk of failure)
Confirm with . or Enter, or press ? or * to list all spells.
You miscast Irradiate.
You are very lightly contaminated with residual magic.
You feel very strange.
You are engulfed in blazing flames.
The fire crab breathes flames at you.
The blast of flame engulfs you but does no damage.
Unknown command.
Unknown command.
Casting: Irradiate (dangerous; 12% risk of failure)
Confirm with . or Enter, or press ? or * to list all spells.
You erupt in a fountain of uncontrolled magic!
The fire crab is blasted with magical radiation.
The fire crab is lightly wounded.
The fire crab twists and deforms.
You are lightly contaminated with residual magic.
Malevolent energies surge around you.
You are engulfed in blazing flames.
* * * LOW HITPOINT WARNING * * *
A demonic guardian appears!
The fire crab bites you but does no damage.
The fire crab claws you!
* * * LOW HITPOINT WARNING * * *
You are engulfed in flames!
You die...

..○≈.## ≈○≈..# ≈...#
...# #..# #.# #.# ##
#####t##### .#
#..°@°4...#### .#
#.°°°°.......# .#
###...°°..._...# .#
......##†##.....# .#
......##.#####..# .#
#####....# ##.### .#
#....# #...##
.###############..####
#.#..###
.................>...#
##.....#


You could see a fire crab (misshapen, ally target) and a friendly hellwing
(summoned).

Vanquished Creatures
  3 two-headed ogres
  Pikel (D:9)
  Maggie (D:6)
  Psyche (D:8)
  A hornet (D:9)
  Sigmund (D:5)
  8 yaks
  A wyvern (D:9)
  A wraith (D:10)
  3 steam dragons
  Menkaure (D:7)
  A water moccasin (D:7)
  Duvessa (D:6)
  An orc warrior (D:9)
  An ice beast (D:7)
  3 ogres
  2 black bears (D:4)
  A centaur (D:7)
  A lemure (D:9)
  2 phantoms
  A kobold brigand (D:8)
  Blork the orc (D:6)
  4 bullfrogs
  A gnoll sergeant (D:5)
  3 scorpions
  2 necrophages
  Dowan (D:6)
  5 wights (D:7)
  6 killer bees (D:8)
  3 howler monkeys
  4 hounds
  Crazy Yiuf (D:6)
  5 orc priests
  2 gnoll boudas
  Ijyb (D:5)
  An iguana (D:4)
  5 orc wizards
  21 gnolls
  11 adders
  3 shadow imps
  A white imp (D:5)
  6 worms
  2 dart slugs
  33 orcs
  12 ball pythons
  8 endoplasms
  3 giant cockroaches
  11 goblins
  11 hobgoblins
  5 jackals
  2 quokkas (D:1)
  4 bats
  3 frilled lizards
  8 kobolds
  2 rats (D:3)
227 creatures vanquished.

Vanquished Creatures (collateral kills)
  A two-headed ogre (D:9)
  A vampire (D:8)
  A black bear (D:5)
  A lemure (D:9)
4 creatures vanquished.

Grand Total: 231 creatures vanquished

Notes
Turn   | Place    | Note
-------+----------+-------------------------------------------
     0 | D:1      | BlueGoblin the Demonspawn Conjurer began the quest for the
                  | Orb.
     0 | D:1      | Reached XP level 1. HP: 13/13 MP: 3/3
    26 | D:1      | Found Ogynakhu's Weapon Shoppe.
   106 | D:1      | Found Aluk's Antique Weapon Emporium.
   174 | D:1      | Found a faded altar of an unknown god.
   298 | D:1      | Gained mutation: Spells you cast may paralyse adjacent
                  | enemies. [demonic ancestry]
   298 | D:1      | Reached XP level 2. HP: 19/19 MP: 3/5
   432 | D:1      | Found Rastrisch's Antique Weapon Boutique.
   467 | D:1      | You fall into a shaft and drop 1 floor!
   970 | D:1      | Reached XP level 3. HP: 23/24 MP: 2/6
  1027 | D:1      | Found Piuzargh's Antique Weapon Emporium.
  1392 | D:2      | Reached skill level 5 in Conjurations
  1455 | D:1      | Learned a level 2 spell: Searing Ray
  1737 | D:2      | Gained mutation: You have a pair of small horns on your
                  | head. [demonic ancestry]
  1737 | D:2      | Reached XP level 4. HP: 30/30 MP: 1/8
  2750 | D:3      | Noticed a necrophage
  2866 | D:3      | Gained mutation: You are partially covered in large bone
                  | plates. (SH +4) [demonic ancestry]
  2866 | D:3      | Reached XP level 5. HP: 35/35 MP: 7/9
  3268 | D:3      | Gained mutation: You are mostly covered in large bone
                  | plates. (SH +6) [demonic ancestry]
  3268 | D:3      | Reached XP level 6. HP: 42/42 MP: 7/11
  3302 | D:3      | Found Haar's Magic Scroll Emporium.
  3386 | D:3      | Found a stormy altar of Qazlal.
  3448 | D:3      | Found a shimmering altar of Xom.
  3697 | D:3      | Identified the +0 chain mail "Doto" {*Slow rC++ rCorr SInv}
  3781 | D:3      | Learned a level 3 spell: Vampiric Draining
  4066 | D:4      | Reached skill level 1 in Necromancy
  4149 | D:4      | Reached skill level 1 in Fighting
  4149 | D:4      | Gained mutation: Spells you cast may paralyse nearby
                  | enemies. [demonic ancestry]
  4149 | D:4      | Reached XP level 7. HP: 48/48 MP: 8/14
  4267 | D:4      | Reached skill level 5 in Spellcasting
  4320 | D:4      | Found a hide-covered altar of Uskayaw.
  4915 | D:4      | Found a blossoming altar of Fedhas.
  4988 | D:4      | Found a radiant altar of Vehumet.
  5128 | D:5      | Entered Level 5 of the Dungeon
  5349 | D:5      | Noticed Sigmund
  5361 | D:5      | Killed Sigmund
  5399 | D:5      | Gained mutation: A weak demonic guardian rushes to your
                  | aid. [demonic ancestry]
  5399 | D:5      | Reached XP level 8. HP: 54/54 MP: 12/16
  5604 | D:5      | Found a bloodstained altar of Trog.
  6115 | D:5      | Found a staircase to the Ecumenical Temple.
  6148 | Temple   | Entered the Ecumenical Temple
  6303 | Temple   | Became a worshipper of Sif Muna the Loreminder
  6337 | D:5      | Noticed Ijyb
  6345 | D:5      | Killed Ijyb
  6570 | D:1      | Bought an ichor-stained halberd for 234 gold pieces
  6570 | D:1      | Identified the +8 halberd of Checkmate {venom, rPois Str+6}
                  | (You bought it in a shop on level 1 of the Dungeon)
  6769 | D:6      | Noticed Maggie
  6778 | D:6      | Killed Maggie
  6843 | D:6      | Noticed Blork the orc
  7286 | D:6      | Noticed Dowan
  7288 | D:6      | Noticed Duvessa
  7304 | D:6      | Killed Duvessa
  7306 | D:6      | Killed Dowan
  7307 | D:6      | Gained mutation: A demonic guardian rushes to your aid.
                  | [demonic ancestry]
  7307 | D:6      | Reached XP level 9. HP: 60/61 MP: 11/19
  7560 | D:6      | Found an ancient bone altar of Kikubaaqudgha.
  7729 | D:6      | Found a runed translucent door.
  7730 | D:6      | Noticed Crazy Yiuf
  8060 | D:6      | Killed Blork the orc
  8393 | D:6      | Killed Crazy Yiuf
  8597 | D:7      | Reached * piety under Sif Muna
  8637 | D:7      | Noticed Menkaure
  8754 | D:7      | Killed Menkaure
  8755 | D:7      | Reached skill level 5 in Necromancy
  9040 | D:7      | Identified the +0 robe of Modesty {-Cast +Blink rF++}
  9261 | D:7      | Found an ornate altar of the Wu Jian Council.
  9396 | D:7      | Found a shadowy altar of Dithmenos.
  9438 | D:7      | Found a hazy altar of Hepliaklqana.
  9604 | D:7      | Found a broken altar of Ashenzari.
  9803 | D:7      | Found a sparkling altar of Nemelex Xobeh.
  9878 | D:7      | Learned a level 5 spell: Irradiate
  9903 | D:8      | Noticed a two-headed ogre
 10123 | D:8      | Reached skill level 1 in Invocations
 10282 | D:8      | Noticed a two-headed ogre
 10288 | D:8      | Killed a two-headed ogre
 10289 | D:8      | Gained mutation: You have a pair of horns on your head.
                  | [demonic ancestry]
 10289 | D:8      | Reached XP level 10. HP: 56/68 MP: 12/22
 10904 | D:8      | Killed a two-headed ogre
 11104 | D:8      | Found a basalt altar of Yredelemnul.
 11304 | D:9      | Noticed a two-headed ogre
 11390 | D:9      | Noticed Psyche
 11394 | D:9      | Reached skill level 10 in Conjurations
 11418 | D:8      | Paralysed by something for 2 turns
 11559 | D:8      | Killed Psyche
 11789 | D:9      | Killed a two-headed ogre
 11818 | D:9      | Noticed a two-headed ogre
 11826 | D:9      | Killed a two-headed ogre
 11827 | D:9      | Reached skill level 5 in Invocations
 11972 | D:9      | Gained mutation: Spells you cast and wands you use may
                  | paralyse nearby enemies. [demonic ancestry]
 11972 | D:9      | Reached XP level 11. HP: 67/76 MP: 18/24
 11978 | D:9      | Reached ** piety under Sif Muna
 12042 | D:9      | Noticed Pikel
 12051 | D:9      | Killed Pikel
 12406 | D:10     | Entered Level 10 of the Dungeon
 12406 | D:10     | Found a transporter.
 12406 | D:10     | Found a transporter.
 12424 | D:10     | Identified the +2 helmet of Simpua {-Tele Fly Will++}
 12458 | D:10     | Found a snail-covered altar of Cheibriados.
 12483 | D:10     | Reached skill level 10 in Spellcasting
 12647 | D:10     | Noticed a fire crab
 12648 | D:10     | Found a staircase to the Lair.
 12660 | D:10     | Slain by a fire crab

Illustrated notes

Levels and vault maps discovered:
D:1:      amcnicky_arrival_abandoned_market, layout_loops_ring,
          ebering_ecumenical_altar_abandoned, serial_shops,
          nicolae_lakefront_shop, shop, shop, nicolae_shop_stone,
          nicolae_shop_behind_doors, minmay_statues_item
D:2:      layout_basic, grunt_ministairs_3, nicolae_wormholes
D:3:      layout_basic, tgw_xom, lemuel_coloured_pillars_altar, serial_shops,
          nicolae_shop_waterfront, minmay_diced_spiral
D:4:      minmay_recursive_quarters, layout_cave_pools, fedhas_altar_4,
          mainiacjoe_overflow_brackets, mainiacjoe_overflow_alcove_4
D:5:      layout_loops_ring, lemuel_crystal_altar,
          minmay_temple_entry_glassed_door, uniq_sigmund, uniq_ijyb
D:6:      layout_cave_pods, mainiacjoe_overflow_24_doors,
          uniq_crazy_yiuf_cottage, uniq_duvessa, uniq_maggie, uniq_blork_the_orc
D:7:      layout_basic, mainiacjoe_overflow_catwalk,
          nicolae_dithmenos_through_a_glass_darkly, nemelex_dance_club_becter,
          nzn_wu_jian_council_hall, overflow_temple_1_default, uniq_menkaure
D:8:      layout_basic, mainiacjoe_overflow_chevrons, dk_noncrumbling_2
D:9:      layout_rooms, uniq_psyche, uniq_pikel
D:10:     layout_basic, cheibriados_altar_1, kennysheep_little_box,
          grunt_gozag_breadcrumbs, minmay_lair_entry_lava,
          gammafunk_ghost_split, hangedman_abyss_or_decor_clamps,
          nicolae_diode_stairs
Temple:   nicolae_temple_superstar

Skill      XL: |  1  2  3  4  5  6  7  8  9 10 11 |
---------------+----------------------------------+-----
Conjurations   | 5 6 7 8 9 10 | 10.6
Dodging        | 2 3 4 |  4.5
Spellcasting   | 3 4 5 7 8 9 10 | 10.1
Necromancy     | 1 2 4 5 6 |  6.6
Fighting       | 1 2 3 4 |  4.1
Invocations    | 2 5 6 |  6.0
Stealth        | |  1.7

Action                   |  1- 3 |  4- 6 |  7- 9 | 10-12 || total
-------------------------+-------+-------+-------+-------++-------
Melee: Dagger            |    16 |    18 |    28 |       ||    62
       Headbutt          |       |     7 |    15 |     8 ||    30
       Halberd           |       |       |    43 |    46 ||    89
 Cast: Magic Dart        |    78 |   121 |   239 |   103 ||   541
       Searing Ray       |     1 |     4 |    19 |     6 ||    30
       Vampiric Draining |       |       |     9 |     6 ||    15
       Irradiate         |       |       |       |     4 ||     4
  Use: Scroll            |       |     8 |     6 |       ||    14
       Potion            |       |       |       |     1 ||     1
 Stab: Paralysed         |     4 |    10 |    46 |    38 ||    98
       Sleeping          |       |       |     2 |       ||     2
Armor: Robe              |     8 |     6 |    12 |       ||    26
       Steam dragon scal |       |       |       |    19 ||    19
       Skin              |       |       |       |     7 ||     7
Dodge: Dodged            |    18 |    20 |    54 |    39 ||   131
Block: Orb               |       |     8 |    10 |       ||    18
       Other             |       |       |    30 |    19 ||    49

Table legend: (Time is in decaauts)
 A = Elapsed time spent in this place.
 B = Non-inter-level travel time spent in this place.
 C = Inter-level travel time spent in this place.
 D = Time resting spent in this place.
 E = Time spent auto-exploring this place.
 F = Levels seen in this place.
 G = Mean time per level.
                   A        B        C        D        E       F      G
               +--------+--------+--------+--------+--------+-----+--------+
         Total |  12707 |  11553 |   1154 |    860 |   8969 |  11 | 1155.2 |
       Dungeon |  12538 |  11428 |   1110 |    860 |   8854 |  10 | 1253.8 |
        Temple |    168 |    124 |     44 |      0 |    115 |   1 |  168.0 |
               +--------+--------+--------+--------+--------+-----+--------+

Top non-repeatable levels by time:
     D:6: 1767 daAuts
     D:8: 1659 daAuts
     D:1: 1566 daAuts
     D:5: 1345 daAuts
     D:2: 1328 daAuts
     D:4: 1286 daAuts
     D:7: 1277 daAuts
     D:3: 1230 daAuts
     D:9: 829 daAuts
    D:10: 246 daAuts
  Temple: 168 daAuts
